Match 34864573
Unlisted

Match 34864573
End
Royal Engineer Section
Vickers Machine Gun Team
Construct Section Command Post
Dingo Light Scout Car
Construct Field Infirmary
Infantry Section
Infantry Section
Selects Heavy Armor Battlegroup
Selects Rigorous Vehicle Training
Construct Platoon Command Post
Unlock M3 Stuart Light Tanks
M3 Stuart Light Tank
6-pounder Anti-tank Gun Team
6-pounder Anti-tank Gun Team
Nukepapa
Genki
(CB7) (DU)(7-4-7)(B0iz)
队友祭天 法力无边
0
0

Comments sign in to comment!

No comments posted yet!